 Dungeon Crawl Stone Soup version 0.31-a0-1620-gcbf77bbcfc (webtiles) character file.

Game seed: 3376051421277064550

33 Jannitor the Conjurer (level 3, -9/3 HPs)
             Began as a Draconian Reaver on Jan 11, 2024.
             Killed from afar by Jessica (12 damage)
             ... with a puff of flame
             ... on level 3 of the Dungeon.
             The game lasted 00:01:48 (1371 turns).

Jannitor the Conjurer (Draconian Reaver)            Turns: 1371, Time: 00:01:49

Health: -9/3       AC:  2    Str: 19    XL:     3   Next: 12%
Magic:  6/6        EV: 10    Int: 15    God:
Gold:   68         SH:  0    Dex:  9    Spells: 5/6 levels left

rFire   . . .        a - melded +0 falchion
rCold   . . .        (shield currently unavailable)
rNeg    . . .        (body armour unavailable)
rPois   +            (helmet currently unavailable)
rElec   .            (cloak currently unavailable)
rCorr   .            (gloves currently unavailable)
SInv    .            (boots currently unavailable)
Will    .....        (no amulet)
Stlth   +            (no ring)
HPRegen 0.20/turn    (no ring)
MPRegen 0.10/turn

%: no passive effects
@: snake-form
A: constrict, reduced hp, AC +5, large, unfitting armour, (cold-blooded)
a: Begin Untransformation


You were on level 3 of the Dungeon.
You were an enormous serpent.
You visited 1 branch of the dungeon, and saw 3 of its levels.

You collected 109 gold pieces.
You spent 41 gold pieces at shops.

Inventory:

Hand Weapons
 a - a +0 falchion (melded)
 i - a +2 dagger of speed
Talismans
 f - a serpent talisman (active)
Scrolls
 b - 5 scrolls of teleportation {unknown}
 e - 2 scrolls of fear {unknown}
 g - a scroll of identify {unknown}
 h - a scroll of fog {unknown}
Potions
 c - a potion of attraction {unknown}
 d - a potion of resistance {unknown}


   Skills:
 + Level 2.6 Fighting
 + Level 3.2 Long Blades
 + Level 2.1 Dodging
 + Level 2.3 Spellcasting
 + Level 3.3 Conjurations


You had 5 spell levels left.
You knew the following spells:

 Your Spells              Type           Power      Damage    Failure   Level
a - Kiss of Death         Conj/Necr      24%        2d7       11%         1

Your spell library contained the following spells:

 Spells                   Type           Power      Damage    Failure   Level
 Momentum Strike          Conj/Tloc      12%        3d8       17%         2
 Cigotuvi's Dreadful Rot  Necr/Alch/Air  2%         N/A       32%         2
 Hailstorm                Conj/Ice       6%         3d5       32%         3
 Dispel Undead            Necr           1%         3d6       91%         4
 Martyr's Knell           Necr/Summ      1%         N/A       91%         4
 Death Channel            Necr           0%         N/A       100%        6


Dungeon Overview and Level Annotations

Branches:
Dungeon (3/15)

Altars:

Shops:
D:1 *

Annotations:
D:3 Jessica


Innate Abilities, Weirdness & Mutations

You are an enormous serpent.
You have a powerful constriction melee attack.
Your maximum health is decreased, since you lack skill for your form.
Your armour is entirely melded.
You are incapable of wielding weapons or throwing items.
((Your plain brown scales are hard. (AC +5)))
You cannot fit into any form of body armour.
((You are cold-blooded and may be slowed by cold attacks.))


Message History

You tail-slap the hobgoblin, but do no damage.
The hobgoblin is lightly wounded.
The hobgoblin completely misses you.
You hit the hobgoblin.
The hobgoblin is almost dead.
The hobgoblin hits you.
You hit the hobgoblin.
You kill the hobgoblin!
The kobold throws a poisoned dart.
The poisoned dart hits you!
You are poisoned.
You feel very sick. The kobold hits you with a +0 dagger.
You see here a hobgoblin corpse.
You are too injured to fight recklessly!
You are too injured to fight recklessly!
You hit the kobold.
The kobold is severely wounded.
You feel sick. The kobold hits you with a +0 dagger.
You hit the kobold.
You kill the kobold!
You feel sick.
Okay, then.
Unknown command.
You start resting.
You feel sick. x5
You are no longer poisoned.
You start resting.
An adder comes into view.
There is an escape hatch in the floor here.
You start resting.
Jessica the Apprentice Sorceress comes into view.
She is wielding a +0 club and carrying a wand of flame.
Jessica is nearby!
You begin transforming.
You continue transforming. x3
Jessica shouts!
You turn into an enormous serpent.
Your +0 falchion melds into your body.
HP restored.
Unknown command.
Unknown command.
Jessica zaps a wand.
The puff of flame hits you!
Ouch! That really hurt!
You die...

######### #.......#
#.......# .
#.......#### ..
#.......#..# ...
#..........#
......##....>.S..##
..................#
.......###.........#
........#....@.....#
........#.#......###
........#.#†#...##
...........)..###
..#........####
..?.......##


You could see Jessica.

Vanquished Creatures
  2 dart slugs
  A ribbon worm (D:2)
  2 ball pythons
  An endoplasm (D:1)
  3 goblins
  4 hobgoblins
  2 jackals (D:2)
  2 kobolds (D:3)
  2 quokkas
  3 bats (D:1)
  2 frilled lizards (D:1)
24 creatures vanquished.

Notes
Turn   | Place    | Note
-------+----------+-------------------------------------------
     0 | D:1      | Jannitor the Draconian Reaver began the quest for the Orb.
     0 | D:1      | Reached XP level 1. HP: 17/17 MP: 3/3
   217 | D:1      | Found Tulohic's Assorted Antiques.
   239 | D:1      | Bought a fizzy inky potion for 19 gold pieces
   239 | D:1      | Bought a scroll labelled RUEMIGUNYE for 22 gold pieces
   332 | D:1      | Reached XP level 2. HP: 25/25 MP: 5/5
  1208 | D:2      | Reached XP level 3. HP: 19/30 MP: 6/6
  1263 | D:2      | You fall into a shaft and drop 1 floor!
  1365 | D:3      | Noticed Jessica
  1371 | D:3      | Killed from afar by Jessica

Illustrated notes

Levels and vault maps discovered:
D:1:      roderic_chinese_lattice_arrival, layout_basic, serial_shops, shop
D:2:      layout_loops_corners
D:3:      layout_rooms, serial_shops, shop, basic_ecumenical_altar,
          kennysheep_donut, uniq_natasha, uniq_jessica

Skill      XL: |  1  2 |
---------------+-------+-----
Dodging        | 2 |  2.1
Fighting       | |  2.6
Long Blades    | |  3.2
Spellcasting   | |  2.3
Conjurations   | |  3.3

Action                     || total
---------------------------++-------
  Melee: Falchion          ||    89
         Tailslap          ||    12
   Stab: Sleeping          ||     1
 Armour: Skin              ||    49
  Dodge: Dodged            ||    60
   Form: Serpent           ||     1

Table legend: (Time is in decaauts)
 A = Elapsed time spent in this place.
 B = Non-inter-level travel time spent in this place.
 C = Inter-level travel time spent in this place.
 D = Time resting spent in this place.
 E = Time spent auto-exploring this place.
 F = Levels seen in this place.
 G = Mean time per level.
                   A        B        C        D        E       F      G
               +--------+--------+--------+--------+--------+-----+--------+
         Total |   1383 |   1359 |     24 |     96 |   1028 |   3 |  461.0 |
       Dungeon |   1383 |   1359 |     24 |     96 |   1028 |   3 |  461.0 |
               +--------+--------+--------+--------+--------+-----+--------+

Top non-repeatable levels by time:
     D:1: 676 daAuts
     D:2: 597 daAuts
     D:3: 109 daAuts
